 Dungeon Crawl Stone Soup version 0.21-a0-634-gaf8bc5d (webtiles) character file.

52435 Monsterracer the Warrior (level 14, -3/135 HPs)
             Began as a Minotaur Ice Elementalist on Dec 29, 2017.
             Was the Champion of Trog.
             Drowned by a drowned soul (16 damage)
             ... summoned by a merfolk avatar
             ... on level 6 of the Lair of Beasts.
             The game lasted 00:38:50 (15732 turns).

Monsterracer the Warrior (MiIE)                    Turns: 15732, Time: 00:38:51

Health: -3/135     AC: 22    Str: 18    XL:     14   Next: 27%
Magic:  15/15      EV: 11    Int: 12    God:    Trog [******]
Gold:   900        SH:  0    Dex: 13    Spells: 15/15 levels left

rFire    . . .     SeeInvis +   a - +2 lajatang (vamp)
rCold    + . .     Gourm    .   (shield currently unavailable)
rNeg     . . .     Faith    .   K - +2 chain mail {rC+}
rPois    .         Spirit   .   z - +0 hat {SInv}
rElec    .         Reflect  .   w - +0 cloak
rCorr    .         Harm     .   u - +0 pair of gloves
MR       +++..                  I - +0 pair of boots
Stlth    ..........             e - amulet of regeneration
HPRegen  1.72/turn              q - +3 ring of protection
MPRegen  0.14/turn              t - +2 ring of strength

@: mesmerised, regenerating
A: retaliatory headbutt, horns 2
a: Berserk, Trog's Hand, Brothers in Arms, Burn Spellbooks, Renounce Religion


You were on level 6 of the Lair of Beasts.
You worshipped Trog.
Trog was exalted by your worship.
You were not hungry.

You visited 2 branches of the dungeon, and saw 16 of its levels.

You collected 900 gold pieces.

Inventory:

Hand Weapons
 a - a +2 vampiric lajatang (weapon)
 b - a +0 morningstar of flaming
Missiles
 k - 3 throwing nets (quivered)
Armour
 o - a +2 shield
 u - a +0 pair of gloves (worn)
 w - a +0 cloak (worn)
 z - a +0 hat of see invisible (worn)
 H - a +3 plate armour
 I - a +0 pair of boots (worn)
 K - a +2 chain mail of cold resistance (worn)
Jewellery
 e - an amulet of regeneration (around neck)
 m - an uncursed ring of protection from fire {!d}
 q - a +3 ring of protection (left hand)
 t - a +2 ring of strength (right hand)
 A - an uncursed ring of protection from fire {!d}
 M - an uncursed ring of see invisible
 O - an uncursed ring of positive energy {!d}
 R - a +3 amulet of reflection
Wands
 l - a wand of flame (57)
 y - a wand of digging (11)
 B - a wand of iceblast (8)
 C - a wand of polymorph (4)
 G - a wand of scattershot (12)
 L - a wand of acid (7)
 N - a wand of paralysis (6)
Scrolls
 g - a scroll of magic mapping {!r}
 p - 9 scrolls of remove curse
 v - 4 scrolls of teleportation
 Q - a scroll of brand weapon
 S - a scroll of enchant weapon
Potions
 d - 6 potions of heal wounds
 f - 5 potions of curing
 i - 2 potions of brilliance
 j - 2 potions of flight
 n - a potion of agility {unknown}
 r - 6 potions of mutation {!q}
 s - 2 potions of ambrosia {!q}
 x - a potion of cancellation
 D - a potion of might {unknown}
 E - a potion of experience {unknown}
 F - 3 potions of lignification
 J - a potion of magic {unknown}
Comestibles
 c - 24 rations
 P - 3 chunks of flesh


   Skills:
 * Level 15.1 Fighting
 - Level 14.1(15.4) Maces & Flails
 - Level 11.1(14.0) Staves
 - Level 0.5 Throwing
 + Level 13.2 Armour
 + Level 6.5 Dodging
 - Level 1.5 Stealth
 - Level 10.0 Shields
 - Level 1.3 Spellcasting
   Level 0.6 Conjurations
   Level 2.1 Ice Magic


You had 15 spell levels left.
You didn't know any spells.

Dungeon Overview and Level Annotations

Branches:
Dungeon (10/15)            Temple (0/1) D:5            Lair (6/6) D:10
 Shoals (0/4) Lair:2       Spider (0/4) Lair:4        Slime (0/5) Lair:5
    Orc: D:9-12

Altars:
Cheibriados
Dithmenos
Hepliaklqana
Nemelex Xobeh
Sif Muna
Trog
Uskayaw
Vehumet
Wu Jian
Xom
Yredelemnul
Zin
The Shining One

Shops:
D:5 %


Innate Abilities, Weirdness & Mutations

You reflexively headbutt those who attack you in melee.
You have a pair of horns on your head.


Message History

* * * LOW HITPOINT WARNING * * *
You are encased in ice.
The merfolk avatar chants its luring song.
You take 20 damage, and have 54/135 hp.
Really read
h - a scroll of fear {!r}?
As you read the scroll of fear {!r}, it crumbles to dust.
You assume a fearsome visage.
The drowned soul is unaffected. x2
The rime drake looks frightened!
The merfolk avatar resists with almost no effort.
The drowned soul touches you. The drowned soul drowns you!
* * * LOW HITPOINT WARNING * * *
The merfolk avatar chants its luring song.
You take 12 damage, and have 42/135 hp.
As you read the scroll of teleportation, it crumbles to dust.
You feel strangely unstable. The ice encasing you melts away.
The drowned soul touches you. The drowned soul drowns you!
* * * LOW HITPOINT WARNING * * *
The merfolk avatar chants its luring song.
You take 15 damage, and have 27/135 hp.
Okay, then.
Your skin crawls.
You feel resistant to hostile enchantments.
You feel somewhat more hungry.
The merfolk avatar chants its luring song.
You cannot move away from the merfolk avatar!
You closely miss the merfolk avatar. You headbutt the merfolk avatar!
The merfolk avatar is lightly wounded.
The drowned soul touches you. The drowned soul drowns you!
* * * LOW HITPOINT WARNING * * *
You take 7 damage, and have 21/135 hp.
You slash the merfolk avatar!
You feel better.
Your headbutt misses the merfolk avatar.
The merfolk avatar is moderately wounded.
The merfolk avatar chants its luring song.
You regained 6 hp, and now have 27/135 hp.
You slash the merfolk avatar!
You headbutt the merfolk avatar, but do no damage.
The merfolk avatar is moderately wounded.
Your surroundings suddenly seem different.
Splash!
You are no longer entranced.
You start resting.
You regained 10 hp, and now have 38/135 hp.
The merfolk avatar chants a haunting song.
You are mesmerised by the merfolk avatar!
The merfolk avatar chants its luring song.
You regained 3 hp, and now have 41/135 hp.
Shadowy forms rise from the deep at the merfolk avatar's song!
The merfolk avatar chants its luring song.
You regained 3 hp, and now have 44/135 hp.
The drowned soul returns to the deep!
You regained 2 hp, and now have 46/135 hp.
The merfolk avatar chants its luring song.
You closely miss the merfolk avatar.
The merfolk avatar is moderately wounded.
The merfolk avatar chants its luring song.
You slice the merfolk avatar!!
The merfolk avatar is heavily wounded.
The merfolk avatar chants its luring song.
You regained 2 hp, and now have 50/135 hp.
You slash the merfolk avatar! You headbutt the merfolk avatar!
The merfolk avatar is severely wounded.
The drowned soul returns to the deep!
You closely miss the merfolk avatar.
The merfolk avatar is severely wounded.
The merfolk avatar chants its luring song.
Your chain mail prevents you from hitting the merfolk avatar.
Your headbutt misses the merfolk avatar.
The merfolk avatar is severely wounded.
The merfolk avatar chants its luring song.
Press: ? - help, v - describe, . - travel
Here: a merfolk avatar (severely wounded, mesmerising) Some shallow water.
Unknown command.
You closely miss the merfolk avatar.
Your headbutt misses the merfolk avatar.
The merfolk avatar is severely wounded.
The drowned soul touches you. The drowned soul drowns you!
* * * LOW HITPOINT WARNING * * *
The drowned soul touches you. The drowned soul drowns you!
* * * LOW HITPOINT WARNING * * *
You take 22 damage, and have 31/135 hp.
You closely miss the merfolk avatar.
The merfolk avatar is severely wounded.
The merfolk avatar chants its luring song.
You regained 2 hp, and now have 33/135 hp.
You hit the merfolk avatar.
You feel better.
You headbutt the merfolk avatar, but do no damage.
The merfolk avatar is severely wounded.
The merfolk avatar chants its luring song.
The drowned soul touches you. The drowned soul drowns you!
* * * LOW HITPOINT WARNING * * *
You take 5 damage, and have 28/135 hp.
You closely miss the merfolk avatar. You headbutt the merfolk avatar.
The merfolk avatar is almost dead.
The drowned soul touches you. The drowned soul drowns you!
* * * LOW HITPOINT WARNING * * *
The drowned soul touches you. The drowned soul drowns you!
You die...

≈≈≈#8≈≈≈≈≈≈≈≈≈≈≈#≈≈≈P ...........
≈≈≈#####≈P≈≈#####≈≈≈ .... .......
#≈≈#≈≈≈≈≈≈≈≈≈≈≈.#≈≈#..... .P.P...
.≈≈#≈≈≈≈≈≈≈≈≈≈≈≈#≈≈#.≈... ..PP##.
≈ ≈#≈≈≈≈P≈≈≈≈≈≈≈#≈≈≈≈.... .... #.
≈≈ #≈≈≈≈})!$≈≈≈≈#≈≈≈≈.... ... ..#
.≈ #≈≈≈≈:WW(≈≈≈≈#≈≈##≈... #... #
#≈≈≈≈%W≈%≈≈≈≈.#≈##.... ..#.
≈≈≈#≈≈P≈?[%$≈#≈≈@≈≈≈≈≈... ##..
≈≈≈#≈≈≈≈≈≈≈≈≈≈≈m#≈≈≈≈≈.. .. ....
.≈≈#≈≈≈≈≈#≈P≈≈≈≈#≈≈##........##..
#≈≈#8≈≈≈≈P≈≈≈≈≈≈#≈≈#.≈.......#.#.
≈≈≈#####...######≈≈≈≈............
≈≈≈#≈≈≈≈≈P≈≈≈P≈≈ ≈≈≈≈............
#≈≈#≈≈≈≈#≈#≈≈≈≈≈ ≈≈#.............
#≈≈#≈≈≈≈P≈≈P≈≈≈≈#≈≈#.≈...........
≈≈P.#≈≈≈#≈≈#≈≈≈##≈≈≈≈............


You could see a merfolk avatar and 3 drowned souls.

Vanquished Creatures
  Gastronok (D:8)
  A dire elephant (Lair:6)
  The ghost of Monsterracer the Grappler, a journeyman OgTm of Okawaru (Lair:2)
  Harold (Lair:2)
  3 hydras
  A catoblepas (Lair:4)
  A two-headed ogre (D:10)
  13 death yaks
  A harpy (Lair:6)
  A wolf spider (Lair:4)
  A manticore (Lair:6)
  5 black mambas
  7 elephants
  11 komodo dragons
  8 spiny frogs
  5 rime drakes
  A troll (D:9)
  3 hornets (Lair:6)
  3 polar bears (Lair:6)
  22 blink frogs
  5 hippogriffs
  5 dream sheep (Lair:4)
  3 redbacks (Lair:4)
  4 hogs (D:7)
  A wraith (D:10)
  4 wyverns
  A human (D:7)
  A basilisk (D:10)
  36 yaks
  A hungry ghost (D:10)
  2 steam dragons
  A warg (Lair:1)
  An acid dragon (D:10)
  20 water moccasins
  10 porcupines
  An eye of draining (D:8)
  7 orc warriors
  2 sky beasts
  5 ogres
  17 wolves
  The ghost of Apogee the Twirler, an amateur MiGl (D:3)
  3 phantoms
  2 necrophages
  12 crocodiles
  5 centaurs
  A big kobold (D:10)
  11 bullfrogs
  A wyvern zombie (D:10)
  3 scorpions
  4 killer bees (D:6)
  3 electric eels (Lair:3)
  A howler monkey (D:5)
  4 crimson imps
  A centaur zombie (D:8)
  2 jellies (D:10)
  3 hounds
  3 orc priests
  A gnoll shaman (D:8)
  12 orc wizards
  A bullfrog skeleton (D:10)
  2 centaur skeletons
  2 iguanas (D:7)
  6 worker ants
  A hound skeleton (D:7)
  A worker ant zombie (D:5)
  9 gnolls
  A howler monkey skeleton (D:5)
  11 adders
  4 shadow imps
  2 adder skeletons
  3 worms
  4 dart slugs
  8 leopard geckos
  46 orcs
  8 bats
  4 giant cockroaches
  6 goblins
  7 hobgoblins
  13 jackals
  6 kobolds
  4 quokkas
  A ball python zombie (D:4)
  3 frilled lizards
  A giant cockroach zombie (D:5)
  A jackal zombie (D:6)
  A leopard gecko zombie (D:7)
  18 rats
464 creatures vanquished.

Vanquished Creatures (others)
  An orc (D:7)
  4 fungi
  30 plants
35 creatures vanquished.

Grand Total: 499 creatures vanquished

Notes
Turn   | Place    | Note
-------+----------+-------------------------------------------
     0 | D:1      | Monsterracer the Minotaur Ice Elementalist began the quest for the Orb.
     0 | D:1      | Reached XP level 1. HP: 14/14 MP: 1/1
     3 | D:1      | Noticed a seven-headed hydra
     6 | D:1      | Noticed a seven-headed hydra
    16 | D:1      | Reached skill level 1 in Fighting
   153 | D:1      | Reached skill level 2 in Fighting
   153 | D:1      | Reached XP level 2. HP: 18/24 MP: 0/3
   251 | D:1      | HP: 12/25 [dart slug/slug dart (3)]
   263 | D:1      | HP: 9/25 [dart slug/slug dart (4)]
   268 | D:1      | HP: 8/25 [dart slug/slug dart (1)]
   552 | D:1      | Reached skill level 3 in Fighting
   720 | D:1      | Reached XP level 3. HP: 31/31 MP: 1/4
  1744 | D:2      | Found a hazy altar of Hepliaklqana.
  1946 | D:1      | Reached skill level 4 in Fighting
  1979 | D:1      | Reached XP level 4. HP: 22/41 MP: 1/5
  2088 | D:2      | Found a shadowy altar of Dithmenos.
  2172 | D:2      | Found a radiant altar of Vehumet.
  2173 | D:2      | Found a glowing silver altar of Zin.
  2504 | D:3      | Reached skill level 5 in Fighting
  2504 | D:3      | Reached skill level 1 in Maces & Flails
  2504 | D:3      | Reached XP level 5. HP: 33/48 MP: 6/6
  2663 | D:3      | Noticed Apogee's ghost (amateur MiGl)
  3255 | D:3      | Found a glowing golden altar of the Shining One.
  3417 | D:4      | Reached XP level 6. HP: 56/57 MP: 7/7
  3506 | D:4      | Noticed a moth of wrath
  3527 | D:4      | Found a bloodstained altar of Trog.
  3566 | D:4      | Became a worshipper of Trog the Wrathful
  3638 | D:4      | HP: 26/57 [hound (3)]
  3643 | D:4      | HP: 22/57 [poisoned by a worker ant]
  3915 | D:4      | Reached skill level 5 in Maces & Flails
  3936 | D:4      | Reached XP level 7. HP: 60/62 MP: 8/8
  4034 | D:4      | Found a basalt altar of Yredelemnul.
  4036 | D:4      | Found a shimmering altar of Xom.
  4036 | D:4      | Found a basalt altar of Yredelemnul.
  4038 | D:4      | Found a shimmering altar of Xom.
  4038 | D:4      | Found a shimmering altar of Xom.
  4038 | D:4      | Found a sparkling altar of Nemelex Xobeh.
  4172 | D:5      | Entered Level 5 of the Dungeon
  4231 | D:5      | Reached * piety under Trog
  4270 | D:5      | Found a hide-covered altar of Uskayaw.
  4351 | D:5      | Found an ornate altar of the Wu Jian Council.
  4371 | D:5      | Reached skill level 6 in Fighting
  4371 | D:5      | Reached skill level 1 in Armour
  4371 | D:5      | Reached skill level 1 in Shields
  4406 | D:5      | Found a staircase to the Ecumenical Temple.
  4438 | D:5      | Found Usasym's Food Emporium.
  5373 | D:6      | Reached XP level 8. HP: 71/71 MP: 9/9
  5636 | D:3      | Killed Apogee's ghost
  5866 | D:7      | HP: 35/71 [poisoned by an orc wizard]
  5871 | D:7      | HP: 32/71 [poisoned by an orc wizard]
  5876 | D:7      | HP: 32/71 [poisoned by an orc wizard]
  5884 | D:7      | HP: 33/71 [poisoned by an orc wizard]
  6170 | D:7      | Reached skill level 7 in Fighting
  6421 | D:7      | Reached ** piety under Trog
  6489 | D:7      | Reached XP level 9. HP: 70/79 MP: 10/10
  6507 | D:7      | Reached skill level 5 in Armour
  6507 | D:7      | Reached skill level 5 in Shields
  6654 | D:7      | Reached skill level 8 in Fighting
  6750 | D:8      | Noticed Gastronok
  6784 | D:8      | Killed Gastronok
  6784 | D:8      | Reached skill level 10 in Maces & Flails
  6784 | D:8      | Reached XP level 10. HP: 90/90 MP: 11/11
  6842 | D:8      | Reached skill level 9 in Fighting
  6904 | D:8      | HP: 45/91 [poisoned by a water moccasin]
  6909 | D:8      | HP: 40/91 [poisoned by a water moccasin]
  6914 | D:8      | HP: 38/91 [poisoned by a water moccasin]
  6919 | D:8      | HP: 38/91 [poisoned by a water moccasin]
  6924 | D:8      | HP: 38/91 [poisoned by a water moccasin]
  6929 | D:8      | HP: 39/91 [poisoned by a water moccasin]
  6936 | D:8      | HP: 42/91 [poisoned by a water moccasin]
  6944 | D:8      | HP: 45/91 [poisoned by a water moccasin]
  7134 | D:8      | Found a snail-covered altar of Cheibriados.
  7812 | D:9      | Reached *** piety under Trog
  8152 | D:9      | Found a hide-covered altar of Uskayaw.
  8256 | D:9      | Noticed Blork the orc
  8283 | D:9      | Noticed Blork
  8283 | D:9      | Blork the orc changed into Blork the worker ant
  8291 | D:9      | Found a deep blue altar of Sif Muna.
  8299 | D:9      | Killed Blork the worker ant
  8427 | D:10     | Entered Level 10 of the Dungeon
  8763 | D:10     | Noticed a two-headed ogre
  8769 | D:10     | Killed a two-headed ogre
  8769 | D:10     | Reached skill level 10 in Fighting
  8824 | D:10     | Reached XP level 11. HP: 95/99 MP: 12/12
  9056 | D:10     | HP: 45/99 [komodo dragon (8)]
  9067 | D:10     | Reached **** piety under Trog
  9071 | D:10     | HP: 71/148 [crocodile (6)]
  9083 | D:10     | HP: 48/99 [orc warrior/stone (6)]
  9096 | D:10     | HP: 48/99 [orc warrior/battleaxe (12)]
  9463 | D:10     | Found a staircase to the Lair.
  9607 | Lair:1   | Entered Level 1 of the Lair of Beasts
 10544 | Lair:2   | Noticed a five-headed hydra
 10550 | Lair:2   | Killed a five-headed hydra
 10733 | Lair:2   | Reached skill level 11 in Fighting
 11002 | Lair:2   | Noticed Monsterracer's ghost (journeyman OgTm)
 11018 | Lair:2   | Reached ***** piety under Trog
 11021 | Lair:2   | Reached skill level 1 in Staves
 11038 | Lair:2   | Killed Monsterracer's ghost
 11038 | Lair:2   | Reached XP level 12. HP: 95/110 MP: 13/13
 11071 | Lair:2   | Noticed Harold
 11087 | Lair:2   | Killed Harold
 11348 | Lair:2   | Found a staircase to the Shoals.
 11356 | Lair:2   | Reached skill level 10 in Shields
 11361 | Lair:2   | Reached skill level 10 in Armour
 11657 | Lair:3   | Reached skill level 5 in Staves
 11662 | Lair:3   | HP: 51/111 [yak (7)]
 11668 | Lair:3   | HP: 68/166 [wolf (2)]
 11673 | Lair:3   | HP: 82/166 [yak (1)]
 12056 | Lair:3   | Noticed an eight-headed hydra
 12058 | Lair:3   | Noticed a death yak
 12059 | Lair:3   | Noticed a death yak
 12059 | Lair:3   | Noticed a death yak
 12065 | Lair:3   | Noticed a death yak
 12065 | Lair:3   | Noticed a death yak
 12066 | Lair:3   | Noticed a death yak
 12069 | Lair:3   | Killed an eight-headed hydra
 12069 | Lair:3   | Reached skill level 12 in Fighting
 12090 | Lair:2   | Killed a death yak
 12508 | Lair:3   | Killed a death yak
 12518 | Lair:3   | Killed a death yak
 12524 | Lair:3   | Killed a death yak
 12529 | Lair:3   | Killed a death yak
 12536 | Lair:3   | Killed a death yak
 12907 | Lair:4   | Reached XP level 13. HP: 119/119 MP: 14/14
 13196 | Lair:4   | Received a gift from Trog
 13219 | Lair:4   | Reached skill level 10 in Staves
 13237 | Lair:4   | Reached skill level 13 in Fighting
 13670 | Lair:4   | Found a hole to the Spider Nest.
 14348 | Lair:5   | Found a staircase to the Slime Pits.
 14666 | Lair:6   | Entered Level 6 of the Lair of Beasts
 14761 | Lair:6   | Reached skill level 14 in Fighting
 14783 | Lair:6   | Reached skill level 5 in Dodging
 15027 | Lair:6   | Reached XP level 14. HP: 133/133 MP: 15/15
 15242 | Lair:6   | Reached ****** piety under Trog
 15285 | Lair:6   | HP: 55/133 [drowned by a drowned soul[a merfolk avatar] (13)]
 15288 | Lair:6   | HP: 20/133 [manticore (14)]
 15496 | Lair:6   | Reached skill level 15 in Fighting
 15707 | Lair:6   | HP: 54/135 [rime drake/flash freeze (20)]
 15711 | Lair:6   | HP: 21/135 [drowned by a drowned soul[a merfolk avatar] (9)]
 15729 | Lair:6   | HP: 44/135 [drowned by a drowned soul[a merfolk avatar] (10)]
 15732 | Lair:6   | HP: 13/135 [drowned by a drowned soul[a merfolk avatar] (16)]
 15732 | Lair:6   | Drowned by a drowned soul

Vault maps used:
D:1:      sevenhm_arrival_forest_fort_small_2, minmay_tromino_mix6
D:2:      lemuel_coloured_pillars_altar, gammafunk_temple_overflow_statue,
          first_ration, nicolae_dithmenos_through_a_glass_darkly
D:3:      tso_metal_star
D:4:      tgw_trog, kennysheep_cluttered_room, roderic_roman_lattice,
          doesnt_xom_only_xom
D:5:      old_standard_altar, nicolae_overflow_crystal_walls,
          minmay_temple_entry_statues_pillars, serial_shops, nicolae_shop_trees
D:7:      grunt_livestock
D:8:      old_standard_altar, uniq_gastronok
D:9:      basic_altar, tgw_sif
D:10:     erik_lair_dragon
Lair:1:   beast_lair_carwin_large_4, lemuel_fruit_tree
Lair:2:   minmay_shoals_entry_centaurs, patterned_corridor, grunt_megastairs_1,
          uniq_harold
Lair:3:   serial_bayou, serial_bayou_pond_b, serial_bayou_ford_a,
          serial_bayou_pond_a, serial_bayou_lagoon_a, grunt_megastairs_4
Lair:4:   spider_nest_entry_funnel_web, nicolae_lair_yak_garden
Lair:5:   dpeg_slime_entry_corner, infiniplex_staircase_pool
Lair:6:   gammafunk_lair_ancient_temple, lab_entry_generic,
          minmay_stone_trees_small, st_stairs_4

Skill      XL: |  1  2  3  4  5  6  7  8  9 10 11 12 13 14 |
---------------+-------------------------------------------+-----
Fighting       | 2 3 4 5 6 7 8 10 11 12 14 15 | 15.1
Maces & Flails | 1 2 5 6 8 10 12 14 | 14.1
Dodging        | 3 5 6 |  6.5
Armour         | 2 4 6 8 9 11 12 13 | 13.2
Shields        | 2 4 6 8 9 10 | 10.0
Staves         | 2 9 11 | 11.1
Throwing       | |  0.5
Stealth        | |  1.5
Spellcasting   | |  1.3
Conjurations   | |  0.6
Ice Magic      | |  2.1

Action                   |  1- 3 |  4- 6 |  7- 9 | 10-12 | 13-15 || total
-------------------------+-------+-------+-------+-------+-------++-------
Melee: Unarmed           |     8 |       |       |       |       ||     8
       Club              |    80 |       |       |       |       ||    80
       Headbutt          |    11 |    29 |    43 |   158 |   115 ||   356
       Short sword       |     8 |    22 |       |       |       ||    30
       Flail             |       |   181 |   192 |       |       ||   373
       Morningstar       |       |       |    85 |   560 |     8 ||   653
       Lajatang          |       |       |       |   274 |   482 ||   756
 Cast: Freeze            |    14 |    15 |       |       |       ||    29
Invok: Burn Spellbooks   |       |     1 |     1 |       |       ||     2
       Berserk           |       |       |     7 |    18 |     9 ||    34
       Trog's Hand       |       |       |       |       |     1 ||     1
Evoke: Wand              |       |       |       |     8 |       ||     8
  Use: Scroll            |     1 |     6 |     5 |     7 |     9 ||    28
 Stab: Sleeping          |     5 |     1 |       |       |       ||     6
  Eat: Chunk             |     3 |     8 |    11 |    30 |    17 ||    69
       Ration            |       |       |     1 |     5 |     2 ||     8
Armor: Robe              |    26 |    33 |       |       |       ||    59
       Scale mail        |       |    38 |    48 |       |       ||    86
       Chain mail        |       |       |    70 |   126 |   221 ||   417
       Plate armour      |       |       |       |   321 |    95 ||   416
Dodge: Dodged            |    92 |   132 |    99 |   221 |   200 ||   744
Block: Buckler           |       |       |    25 |       |       ||    25
       Shield            |       |       |    25 |   334 |       ||   359

Table legend:
 A = Spawn XP
 B = Non-spawn XP
 C = Spawn XP percentage of total XP
 D = Spawn monster count
 E = Non-spawn monster count
 F = Spawn count percentage of total count
 G = Total turns spent on level
                    A         B        C        D         E        F      G
               +---------+---------+-------+---------+---------+-------+---------
         Total |       0 |   74908 |   0.0 |       0 |     464 |   0.0 | 15732
               +---------+---------+-------+---------+---------+-------+---------
           D:1 |       0 |      91 |   0.0 |       0 |      36 |   0.0 |  1666
           D:2 |       0 |      33 |   0.0 |       0 |      12 |   0.0 |   894
           D:3 |       0 |     353 |   0.0 |       0 |      35 |   0.0 |   917
           D:4 |       0 |     476 |   0.0 |       0 |      28 |   0.0 |   800
           D:5 |       0 |     224 |   0.0 |       0 |       8 |   0.0 |   639
           D:6 |       0 |     737 |   0.0 |       0 |      15 |   0.0 |   864
           D:7 |       0 |    1760 |   0.0 |       0 |      25 |   0.0 |   967
           D:8 |       0 |    3668 |   0.0 |       0 |      32 |   0.0 |   930
           D:9 |       0 |    1285 |   0.0 |       0 |      20 |   0.0 |   750
          D:10 |       0 |    4092 |   0.0 |       0 |      46 |   0.0 |  1226
        Lair:1 |       0 |    2729 |   0.0 |       0 |      19 |   0.0 |   796
        Lair:2 |       0 |   10691 |   0.0 |       0 |      37 |   0.0 |  1223
        Lair:3 |       0 |   11810 |   0.0 |       0 |      40 |   0.0 |  1222
        Lair:4 |       0 |   11352 |   0.0 |       0 |      40 |   0.0 |  1005
        Lair:5 |       0 |    5711 |   0.0 |       0 |      15 |   0.0 |   767
        Lair:6 |       0 |   19896 |   0.0 |       0 |      56 |   0.0 |  1066
               +---------+---------+-------+---------+---------+-------+---------

Vault maps used:
D:1:      sevenhm_arrival_forest_fort_small_2, minmay_tromino_mix6
D:2:      lemuel_coloured_pillars_altar, gammafunk_temple_overflow_statue,
          first_ration, nicolae_dithmenos_through_a_glass_darkly
D:3:      tso_metal_star
D:4:      tgw_trog, kennysheep_cluttered_room, roderic_roman_lattice,
          doesnt_xom_only_xom
D:5:      old_standard_altar, nicolae_overflow_crystal_walls,
          minmay_temple_entry_statues_pillars, serial_shops, nicolae_shop_trees
D:7:      grunt_livestock
D:8:      old_standard_altar, uniq_gastronok
D:9:      basic_altar, tgw_sif
D:10:     erik_lair_dragon
Lair:1:   beast_lair_carwin_large_4, lemuel_fruit_tree
Lair:2:   minmay_shoals_entry_centaurs, patterned_corridor, grunt_megastairs_1,
          uniq_harold
Lair:3:   serial_bayou, serial_bayou_pond_b, serial_bayou_ford_a,
          serial_bayou_pond_a, serial_bayou_lagoon_a, grunt_megastairs_4
Lair:4:   spider_nest_entry_funnel_web, nicolae_lair_yak_garden
Lair:5:   dpeg_slime_entry_corner, infiniplex_staircase_pool
Lair:6:   gammafunk_lair_ancient_temple, lab_entry_generic,
          minmay_stone_trees_small, st_stairs_4
